 Dungeon Crawl Stone Soup version 0.17-a0-2093-gc772f4b (webtiles) character file.

8 ololoev the Firebug (level 2, 0/19 HPs)
             Began as a Demonspawn Fire Elementalist on Oct 16, 2015.
             Slain by a jackal (1 damage)
             ... on level 1 of the Dungeon.
             The game lasted 00:02:02 (315 turns).

ololoev the Firebug (Demonspawn Fire Elementalist)   Turns: 315, Time: 00:02:02

Health: 0/19       AC:  6    Str:  8    XL:     2   Next: 0%
Magic:  0/5        EV: 12    Int: 16    God:
Gold:   41         SH:  0    Dex: 12    Spells: 1 memorised, 4 levels left

rFire  . . .     SeeInvis .     j - +0 dagger
rCold  . . .     Clarity  .     a - +0 robe
rNeg   . . .     SustAt   .     (no shield)
rPois  .         Gourm    .     (no helmet)
rElec  .         Spirit   .     (no cloak)
rCorr  .         Warding  .     (no gloves)
rMut   .         Stasis   .     (no boots)
MR     .....                    (no amulet)
Stlth  ++........               (no ring)
                                (no ring)

@: not resistant to hostile enchantments, unstealthy
A: rough black scales 1
a: no special abilities


Innate Abilities, Weirdness & Mutations

You are partially covered in rough black scales (AC +4, Dex -1).

Inventory:

Hand Weapons
 j - a +0 dagger (weapon)
Armour
 a - a +0 robe (worn)
Scrolls
 e - a scroll of remove curse {unknown}
 g - a scroll of teleportation {unknown}
 i - 2 scrolls of identify {unknown}
Potions
 d - 2 potions of curing {unknown}
 f - a potion of brilliance {unknown}
Books
 b - a book of Flames

   Spells                             Type                      Level
   a - Flame Tongue                   Conjuration/Fire             1
   b - Throw Flame                    Conjuration/Fire             2
   c - Conjure Flame                  Conjuration/Fire             3
   d - Inner Flame                    Hexes/Fire                   3
   e - Sticky Flame                   Conjuration/Fire             4
   f - Fireball                       Conjuration/Fire             5
Comestibles
 c - a bread ration


   Skills:
 - Level 1.7 Dodging
 - Level 1.7 Stealth
 + Level 2.1 Spellcasting
 * Level 1.7 Conjurations
 + Level 2.8 Fire Magic


You had 4 spell levels left.
You knew the following spells:

 Your Spells              Type           Power        Failure   Level  Hunger
a - Flame Tongue          Conj/Fire      #....        10%         1    #......


You were on level 1 of the Dungeon.
You were not hungry.

You visited 1 branch of the dungeon, and saw 1 of its levels.

You collected 41 gold pieces.

....+..(.# .. ...#....#
#######.. #.#....#
#......##. . #......#
#......#.. ..##.b....#
#........
..........###......#
.>.................##
..........###h......#
..###..##@# #.......#.#
##..##h# #.......#.#
.#....h####..)...##.##
.........h†.......#...###
#(...#########..##..#...
...... ###..# #...###
.....# #.)..####.##.. ..
#####.#........... .
#.....##..#.......

Notes
Turn   | Place    | Note
--------------------------------------------------------------
     0 | D:1      | ololoev the Demonspawn Fire Elementalist began the quest for the Orb.
     0 | D:1      | Reached XP level 1. HP: 13/13 MP: 3/3
     6 | D:1      | Noticed a crocodile
     6 | D:1      | Noticed a swamp drake
     7 | D:1      | Noticed a polar bear
   310 | D:1      | Gained mutation: You are partially covered in rough black scales (AC +4, Dex -1). [demonic ancestry]
   310 | D:1      | Reached XP level 2. HP: 1/19 MP: 0/5
   315 | D:1      | Slain by a jackal

Dungeon Overview and Level Annotations

Branches:
Dungeon (1/15)

Altars:


Message History

You hit the jackal but do no damage.
The jackal bites you but does no damage.
You hit the jackal but do no damage.
The jackal bites you but does no damage.
You hit the jackal.
The jackal is moderately wounded.
The jackal closely misses you. The jackal bites you.
You hit the jackal.
The jackal is severely wounded.
The jackal bites you but does no damage.
You closely miss the jackal.
The jackal is heavily wounded.
The jackal bites you.
The jackal bites you but does no damage.
You barely miss the jackal.
The jackal is heavily wounded.
The jackal bites you but does no damage.
You hit the jackal but do no damage.
The jackal is heavily wounded.
The jackal bites you.
You hit the jackal but do no damage.
The jackal is heavily wounded.
The jackal closely misses you. The jackal bites you.
You closely miss the jackal.
The jackal is heavily wounded.
The jackal bites you but does no damage.
Casting: Flame Tongue
Confirm with . or Enter, or press ? or * to list all spells.
Aiming: Flame Tongue
Press: ? - help, Shift-Dir - straight line, f/p - jackal
Aim: a jackal (heavily wounded)
The flame tongue hits the jackal.
You kill the jackal!
You have reached level 2!
Your demonic ancestry asserts itself...
Rough black scales grow over part of your body.
The jackal bites you but does no damage.
The jackal closely misses you.
You barely miss the jackal. The jackal bites you.
You die...

You could see 2 jackals and a bat.

Vanquished Creatures
  A ball python (D:1)
  2 jackals (D:1)
  A bat (D:1)
  A giant newt (D:1)
  A goblin (D:1)
  2 kobolds (D:1)
8 creatures vanquished.

Action                   || total
-------------------------++-------
Melee: Dagger            ||    10
 Cast: Flame Tongue      ||    15

Vault maps used:
D:1:      onia_arrival_zoo_common, minmay_misc_feat_tower
